 Seeded DCSS version 0.31-a0-167-g1c394c0614 (webtiles) character file.

Game seed: 15193961402842118363 (custom seed)

299020 SigmundSlayer the Marksdemigod (level 19, -1/172 HPs)
             Began as a Demigod Hunter on June 14, 2023.
             Slain by a wolf spider (11 damage)
             ... on level 1 of the Spider Nest.
             The game lasted 00:41:07 (27311 turns).

SigmundSlayer the Marksdemigod (Demigod Hunter)    Turns: 27311, Time: 00:41:07

Health: -1/172     AC: 24    Str:  8    XL:     19   Next: 68%
Magic:  14/22      EV: 31    Int:  8    God:
Gold:   588        SH:  5    Dex: 45    Spells: 18/18 levels left

rFire   + + +        x - -1 triple crossbow (drain)
rCold   + + .        (shield currently unavailable)
rNeg    . . .        z - +2 ring mail {rF+}
rPois   +            D - +2 hat
rElec   +            F - +0 cloak {rF+}
rCorr   .            w - +3 pair of gauntlets of War {Slay+5}
SInv    .            J - +3 pair of seven-league boots {Rampage+∞}
Will    +....        N - amulet of Rosegu {Reflect rPois rC+ SH+5}
Stlth   +++++        O - ring "Hoschuvi" {rElec rC+ Str-4 Stlth+}
HPRegen 0.48/turn    s - ring "Hixiasch" {rF+ Int-3 Dex+4 Slay+3 Stlth+}
MPRegen 0.18/turn

%: reflection, rampage+∞
@: unable to read
A: high MP 1, forlorn, divine attributes, iridescent scales 1, inability to read
after injury 1
}: 1/15 runes: decaying
a: no special abilities


You were on level 1 of the Spider Nest.
You visited 5 branches of the dungeon, and saw 27 of its levels.
You also visited: Gauntlet, Ice Cave and Volcano.

You collected 3184 gold pieces.
You spent 2596 gold pieces at shops.

Inventory:

Hand Weapons
 t - the +11 plutonium sword {Contam Stlth-}
   (You took it off a minotaur in a Gauntlet)

   Contam:    It causes magical contamination when unequipped.
   Stlth:     It makes you less stealthy.
 x - a -1 triple crossbow of draining (weapon)
Missiles
 g - 3 throwing nets
 I - 12 silver javelins
Armour
 w - the +3 pair of gauntlets of War (worn) {Slay+5}
   (You bought it in a shop on level 2 of the Orcish Mines)

   Slay:      It affects your accuracy & damage with ranged weapons and melee
   (+5).
 z - a +2 ring mail of fire resistance (worn)
 D - a +2 hat (worn)
 E - a +2 tower shield
 F - a +0 cloak of fire resistance (worn)
 J - the +3 pair of seven-league boots (worn) {Rampage+∞}
   (You found it on level 11 of the Dungeon)

   Rampage+∞: When moving toward enemies, its wearer moves as far as possible,
   alerting their target en route.
 P - the +1 ring mail "Pasegucs" {rCorr Str-2 Dex+5}
   (You found it in a Gauntlet)

   Str:       It affects your strength (-2).
   Dex:       It affects your dexterity (+5).
   rCorr:     It protects you from acid and corrosion.
Jewellery
 e - a ring of willpower
 s - the ring "Hixiasch" (right hand) {rF+ Int-3 Dex+4 Slay+3 Stlth+}
   (You bought it in a shop on level 14 of the Dungeon)

   [ring of protection from fire]

   Int:       It affects your intelligence (-3).
   Dex:       It affects your dexterity (+4).
   Slay:      It affects your accuracy & damage with ranged weapons and melee
   (+3).
   rF:        It protects you from fire.
   Stlth:     It makes you more stealthy.
 N - the amulet of Rosegu (around neck) {Reflect rPois rC+ SH+5}
   (You found it in a Gauntlet)

   [amulet of reflection]

   It reflects blocked missile attacks.
   rC:        It protects you from cold.
   rPois:     It protects you from poison.
   SH:        It affects your SH (+5).
 O - the ring "Hoschuvi" (left hand) {rElec rC+ Str-4 Stlth+}
   (You found it in an ice cave)

   [ring of protection from cold]

   Str:       It affects your strength (-4).
   rC:        It protects you from cold.
   rElec:     It insulates you from electricity.
   Stlth:     It makes you more stealthy.
Wands
 d - a wand of quicksilver (24)
 n - a wand of roots (31)
 v - a wand of flame (39)
 C - a wand of polymorph (17)
 G - a wand of paralysis (17)
Scrolls
 a - a scroll of amnesia
 b - a scroll of butterflies
 i - 8 scrolls of vulnerability
 k - 9 scrolls of teleportation
 l - 3 scrolls of fear
 o - 7 scrolls of fog
 p - a scroll of blinking
 q - 4 scrolls of immolation
 y - 3 scrolls of revelation
 S - a scroll of summoning
 T - 8 scrolls of identify
Potions
 c - 3 potions of lignification
 f - a potion of enlightenment
 h - 2 potions of haste
 j - 2 potions of invisibility
 m - 2 potions of ambrosia
 r - 7 potions of might
 u - 6 potions of curing
 B - 3 potions of cancellation
 H - 6 potions of brilliance
 K - a potion of magic
 M - a potion of resistance
 Q - a potion of berserk rage
Miscellaneous
 A - a box of beasts
 R - a phantom mirror


   Skills:
 + Level 16.2 Fighting
 + Level 18.1 Ranged Weapons
 + Level 12.1 Armour
 + Level 16.1 Dodging
 - Level 0.8 Stealth


You had 18 spell levels left.
You didn't know any spells.
Your spell library contained the following spells:

 Spells                   Type           Power      Damage    Failure   Level
 Shock                    Conj/Air       0%         1d3       69%         1
 Cigotuvi's Dreadful Rot  Necr/Pois/Air  0%         N/A       83%         2
 Ensorcelled Hibernation  Hex/Ice        0%         N/A       83%         2
 Ignite Poison            Fire/Tmut/Pois 0%         N/A       96%         3
 Inner Flame              Hex/Fire       0%         N/A       96%         3
 Spider Form              Tmut/Pois      0%         N/A       96%         3
 Anguish                  Hex/Necr       0%         N/A       100%        4
 Animate Dead             Necr           0%         N/A       100%        4
 Arcjolt                  Conj/Air       0%         1d10      100%        5
 Borgnjor's Vile Clutch   Necr/Erth      0%         N/A       100%        5
 Fireball                 Conj/Fire      0%         3d3       100%        5
 Freezing Cloud           Conj/Ice/Air   0%         6-21      100%        5
 Yara's Violent Unravell  Hex/Tmut       0%         3d3       100%        5
 Death Channel            Necr           0%         N/A       100%        6
 Enfeeble                 Hex            0%         N/A       100%        7
 Spellforged Servitor     Conj/Summ      0%         N/A       100%        7
 Ignition                 Fire           0%         3d3       100%        8


Dungeon Overview and Level Annotations

Branches:
Dungeon (15/15)            Temple (0/1) D:4            Lair (5/5) D:9
  Swamp (4/4) Lair:3       Spider (1/4) Lair:2        Slime (0/5) Lair:4
    Orc (2/2) D:11            Elf (0/3) Orc:2        Vaults (0/5) D:14
 Depths (0/4) D:15          IceCv (visited)         Volcano (visited)
Gauntlet (visited)

Shops:
D:4 *   D:12 (   D:14 =   Orc:2 :(:=*(([[

Annotations:
Lair:4 3 runed translucent doors, Jiwiuf's ghost, journeyman FoHu; Zoekh's ghost, journeyman DsCK
Spider:1 1 runed translucent door


Innate Abilities, Weirdness & Mutations

You have an increased reservoir of magic. (+10% MP)
You shall have no god before yourself.
Your divine heritage dramatically boosts your attributes as you level up.
You are partially covered in iridescent scales. (AC +2)
You occasionally lose the ability to read scrolls when taking damage.


Message History

You hear a faint skittering sound.
The wolf spider hits you.
The wolf spider completely misses you. x2
The wolf spider closely misses you.
You hear a faint skittering sound.
The wolf spider rages.
The wolf spider barely misses you.
The wolf spider bites you but does no damage.
You hear a faint skittering sound.
You block the wolf spider's attack. x2
The wolf spider attacks as you move away!
The wolf spider hits you!
* * * LOW HITPOINT WARNING * * *
The wolf spider completely misses you.
You hear a faint skittering sound.
The wolf spider rages.
The wolf spider completely misses you. The wolf spider misses you.
You hear a faint skittering sound.
The wolf spider completely misses you. The wolf spider closely misses you.
The wolf spider completely misses you. x2
The wolf spider hits you but does no damage.
The wolf spider completely misses you. The wolf spider hits you!!
You feel threatened and lose the ability to read scrolls!
* * * LOW HITPOINT WARNING * * *
You block the wolf spider's attack.
You hear a faint skittering sound.
The wolf spider hits you!!
* * * LOW HITPOINT WARNING * * *
The wolf spider completely misses you. The wolf spider misses you.
You block the wolf spider's attack.
The wolf spider completely misses you. x2
The wolf spider is no longer berserk.
The wolf spider completely misses you. x2
The wolf spider closely misses you. The wolf spider barely misses you.
There is a crawl-hole back to the Lair, spattered with blood here.
You feel better. The wolf spider barely misses you.
The wolf spider closely misses you.
The wolf spider completely misses you. x2
The wolf spider barely misses you. The wolf spider bites you.
* * * LOW HITPOINT WARNING * * *
The wolf spider misses you.
The wolf spider bites you but does no damage.
You feel better. The wolf spider hits you!
You die...

....................
...................
.................
................
...............
...............
...............
...............
.......@..^....
......sss......
...............
......^........ .......
..^.....................
....^...................
...................)....
...........................
............................


You could see 2 wolf spiders and a tarantella.

Vanquished Creatures
  Gastronok (D:8)
  A thorn hunter (Swamp:2)
  A fenstrider witch (Swamp:3)
  2 frost giants (IceCv)
  A ghost moth (Spider:1)
  Louise (Swamp:4)
  An orc warlord (Orc:2)
  An ironbound preserver (D:14)
  2 broodmothers
  A stone giant (D:15)
  Nessos (D:12)
  4 eleionomae
  A red draconian (Volcano)
  A white draconian (IceCv)
  A minotaur (Gauntlet)
  A bunyip (Swamp:3)
  An entropy weaver (Lair:2)
  2 shambling mangroves
  Josephine (Lair:5)
  Fannar (Orc:1)
  A jorogumo (Lair:2)
  3 ghost crabs
  16 hydras
  6 ironbound frosthearts (IceCv)
  4 centaur warriors
  4 catoblepae
  An ogre mage (Volcano)
  9 alligators
  9 two-headed ogres
  9 boulder beetles
  2 tengu warriors (D:15)
  Urug (D:10)
  17 death yaks
  An orc high priest (Orc:2)
  Sonja (D:10)
  A spriggan (Swamp:4)
  A skyshark (Lair:5)
  Nergalle (D:10)
  2 pharaoh ants
  A sun moth (Spider:1)
  2 spriggan druids
  4 goliath frogs
  10 skeletal warriors
  4 orb spiders (Spider:1)
  6 bog bodies
  3 lindwurms (Swamp:4)
  5 orc knights
  15 swamp dragons
  A steelbarb worm (Spider:1)
  3 deep elf pyromancers
  An orange crystal statue (IceCv)
  A phantasmal warrior (D:11)
  2 orc sorcerers (Orc:2)
  9 wolf spiders
  Pikel (D:8)
  19 ugly things
  An oklob plant (Gauntlet)
  5 manticores
  2 will-o-the-wisps (Swamp:3)
  5 cyclopes
  4 black mambas
  A moth of wrath (Lair:2)
  9 elephants
  Maurice (D:8)
  A guardian serpent (D:11)
  2 molten gargoyles (Lair:3)
  Maggie (D:8)
  4 torpor snails
  8 cane toads
  2 unseen horrors
  3 gargoyles
  A kobold demonologist (D:11)
  An efreet (D:15)
  21 rime drakes
  13 komodo dragons
  4 freezing wraiths
  8 trolls
  2 bloated husks
  7 tyrant leeches
  24 polar bears
  10 tarantellas
  A hornet (Swamp:4)
  8 dream sheep
  A tarantella (shapeshifter) (D:15)
  19 blink frogs
  9 slime creatures
  2 centaur simulacra
  14 jumping spiders
  2 water elementals (D:14)
  2 shadows
  4 culicivoras (Spider:1)
  7 wraiths
  Sigmund (D:2)
  7 wyverns
  50 yaks
  7 fire bats (Volcano)
  3 steam dragons
  3 basilisks
  23 redbacks
  15 vampire mosquitoes
  5 wargs
  18 swamp worms
  2 acid dragons
  11 water moccasins
  32 orc warriors
  3 swamp drakes (Swamp:4)
  3 black bears
  11 ice beasts
  7 ogres
  A boggart (D:9)
  9 wolves
  A centaur (D:5)
  3 kobold brigands
  A phantom (D:5)
  14 bullfrogs
  A gnoll sergeant (D:9)
  6 wights
  6 killer bees
  An electric eel (D:14)
  3 howler monkeys
  3 jellies
  12 lava snakes
  2 hounds
  13 orc priests
  A gnoll bouda (Orc:1)
  2 sleepcaps
  Jessica (D:2)
  5 iguanas
  32 orc wizards
  5 hell rats (Lair:3)
  7 gnolls
  6 adders
  2 shadow imps
  6 white imps
  3 ufetubi
  2 worms
  2 dart slugs (D:1)
  86 orcs
  6 ball pythons
  3 bats (D:1)
  2 endoplasms
  7 giant cockroaches
  10 goblins
  3 hobgoblins
  7 jackals (D:1)
  4 quokkas
  3 frilled lizards (D:1)
  A goblin skeleton (D:8)
  2 goblin zombies (D:8)
  4 hobgoblin zombies (D:8)
  12 kobolds
  2 kobold zombies (D:8)
  An orc skeleton (D:8)
  7 rats
922 creatures vanquished.

Vanquished Creatures (collateral kills)
  A komodo dragon (D:10)
  A steam dragon (D:10)
2 creatures vanquished.

Vanquished Creatures (others)
  An orc wizard (Orc:2)
  3 orcs (Orc:2)
  2 foxfires (Swamp:3)
6 creatures vanquished.

Grand Total: 930 creatures vanquished

Notes
Turn   | Place    | Note
-------+----------+-------------------------------------------
     0 | D:1      | SigmundSlayer the Demigod Hunter began the quest for the
                  | Orb.
     0 | D:1      | Reached XP level 1. HP: 17/17 MP: 3/3
   108 | D:1      | Reached XP level 2. HP: 17/24 MP: 4/4
   686 | D:1      | Reached XP level 3. HP: 30/30 MP: 5/5
  1115 | D:2      | Reached skill level 4 in Ranged Weapons
  1151 | D:2      | Noticed Sigmund
  1159 | D:2      | Killed Sigmund
  1160 | D:2      | Reached XP level 4. HP: 17/38 MP: 6/6
  1160 | D:2      | Reached XP level 5. HP: 20/45 MP: 7/7
  1258 | D:2      | Noticed Jessica
  1267 | D:2      | Killed Jessica
  1508 | D:2      | Identified the +8 chain mail "Racsexev" {SInv}
  3131 | D:4      | Found a staircase to the Ecumenical Temple.
  3209 | D:4      | Reached XP level 6. HP: 49/52 MP: 8/8
  3272 | D:4      | Found Ogerhoh's Lightly-Used Armoury.
  3281 | D:4      | Bought a -3 triple crossbow for 1 gold piece
  3419 | D:4      | Reached skill level 5 in Ranged Weapons
  3657 | D:4      | Reached XP level 7. HP: 49/60 MP: 9/9
  3775 | D:5      | Entered Level 5 of the Dungeon
  3831 | D:5      | Reached skill level 1 in Armour
  4082 | D:5      | Reached skill level 5 in Fighting
  4082 | D:5      | Reached skill level 5 in Dodging
  4403 | D:6      | Noticed a steam dragon
  4404 | D:6      | Killed a steam dragon
  4405 | D:6      | Reached skill level 6 in Ranged Weapons
  4510 | D:6      | Reached XP level 8. HP: 25/68 MP: 10/10
  4935 | D:6      | Reached skill level 7 in Ranged Weapons
  5139 | D:7      | Reached XP level 9. HP: 78/78 MP: 11/11
  5937 | D:8      | Noticed Maurice
  5938 | D:8      | Killed Maurice
  5977 | D:8      | Reached skill level 8 in Ranged Weapons
  6010 | D:8      | Noticed Gastronok
  6018 | D:8      | Killed Gastronok
  6019 | D:8      | Reached XP level 10. HP: 88/88 MP: 13/13
  6120 | D:8      | Noticed Maggie
  6124 | D:8      | Killed Maggie
  6150 | D:8      | Noticed Pikel
  6152 | D:8      | Killed Pikel
  6187 | D:8      | Identified a scroll of acquirement
  6187 | D:8      | Acquired 481 gold pieces
  6418 | D:9      | Reached skill level 9 in Ranged Weapons
  6602 | D:9      | Found a staircase to the Lair.
  6623 | D:9      | Gained mutation: You occasionally lose the ability to read
                  | scrolls when taking damage. [potion of mutation]
  6623 | D:9      | Gained mutation: You are partially covered in iridescent
                  | scales. (AC +2) [potion of mutation]
  6682 | D:9      | Noticed a manticore
  6685 | D:9      | Killed a manticore
  6690 | D:9      | Noticed a two-headed ogre
  6693 | D:9      | Killed a two-headed ogre
  6710 | D:9      | Reached XP level 11. HP: 79/97 MP: 14/14
  6760 | D:9      | Noticed a deep elf pyromancer
  6891 | D:9      | Reached skill level 10 in Ranged Weapons
  6897 | D:9      | Killed a deep elf pyromancer
  7037 | D:9      | Identified the staff of air "Pengon" {rElec rC+ Int+3}
  7535 | D:10     | Entered Level 10 of the Dungeon
  7589 | D:10     | Noticed Nergalle
  7595 | D:10     | Killed Nergalle
  7653 | D:10     | Acquired the ring "Saxuq" {Str+2 Int+6 SInv}
  7698 | D:10     | Reached skill level 10 in Fighting
  7919 | D:10     | Noticed a two-headed ogre
  7923 | D:10     | Killed a two-headed ogre
  7944 | D:10     | Reached skill level 10 in Dodging
  8008 | D:10     | Noticed Sonja
  8008 | D:10     | Noticed Urug
  8019 | D:10     | Killed Urug
  8020 | D:10     | Reached skill level 5 in Armour
  8029 | D:10     | Killed Sonja
  8512 | D:11     | Found a staircase to the Orcish Mines.
  8604 | D:11     | Noticed a boulder beetle
  8618 | D:11     | Killed a boulder beetle
  8630 | D:11     | Noticed a phantasmal warrior
  8637 | D:11     | Killed a phantasmal warrior
  8798 | D:11     | Found the +3 pair of seven-league boots {Rampage+∞}
  9109 | D:11     | Noticed a centaur warrior
  9110 | D:11     | Killed a centaur warrior
  9111 | D:11     | Reached XP level 12. HP: 108/108 MP: 15/15
  9133 | D:11     | Reached skill level 11 in Ranged Weapons
  9532 | D:12     | Noticed a boulder beetle
  9536 | D:12     | Killed a boulder beetle
  9927 | D:12     | Found Qenkab's Weapon Emporium.
  9965 | D:12     | Noticed Nessos
  9970 | D:12     | Killed Nessos
 10108 | D:12     | Noticed a six-headed hydra
 10109 | D:12     | Killed a six-headed hydra
 10342 | D:13     | Noticed a boulder beetle
 10350 | D:13     | Killed a boulder beetle
 10564 | D:13     | Noticed a centaur warrior
 10569 | D:13     | Killed a centaur warrior
 11104 | Lair:1   | Entered Level 1 of the Lair of Beasts
 11230 | Lair:1   | Noticed a boulder beetle
 11233 | Lair:1   | Killed a boulder beetle
 11904 | Lair:2   | Reached XP level 13. HP: 57/117 MP: 16/16
 11969 | Lair:2   | Reached skill level 12 in Ranged Weapons
 11984 | Lair:2   | Found a gate leading to a gauntlet.
 11993 | Gauntlet | Entered a Gauntlet
 11993 | Gauntlet | Found a transporter.
 11993 | Gauntlet | Found a transporter.
 12054 | Gauntlet | Found a transporter.
 12057 | Gauntlet | Found a transporter.
 12057 | Gauntlet | Found a transporter.
 12057 | Gauntlet | Found a transporter.
 12067 | Gauntlet | Found a transporter.
 12071 | Gauntlet | Found a transporter.
 12081 | Gauntlet | Found a transporter.
 12082 | Gauntlet | Noticed a balrug
 12182 | Gauntlet | Found a transporter.
 12186 | Gauntlet | Found a transporter.
 12196 | Gauntlet | Found a transporter.
 12391 | Gauntlet | Identified the +1 orcbow of Daiqiy {drain, +Blink rF+}
 12393 | Gauntlet | Identified the amulet of Rosegu {Reflect rPois rC+ SH+5}
 12519 | Gauntlet | Noticed a minotaur
 12522 | Gauntlet | Killed a minotaur
 12538 | Gauntlet | Identified the +1 ring mail "Pasegucs" {rCorr Str-2 Dex+5}
 12928 | Lair:2   | Found a hole to the Spider Nest.
 14230 | Lair:3   | Found a staircase to the Swamp.
 15056 | Lair:4   | Found a runed translucent gate.
 15057 | Lair:4   | Found a runed translucent gate.
 15057 | Lair:4   | Found a runed translucent gate.
 15146 | Lair:4   | Found a staircase to the Slime Pits.
 15228 | Lair:4   | Noticed Zoekh's ghost (journeyman DsCK)
 15229 | Lair:4   | Noticed Jiwiuf's ghost (journeyman FoHu)
 15331 | Lair:4   | Noticed Zoekh's ghost (journeyman DsCK)
 15349 | Lair:5   | Entered Level 5 of the Lair of Beasts
 15351 | Lair:5   | Noticed Josephine
 15356 | Lair:4   | Reached skill level 13 in Ranged Weapons
 15464 | Lair:4   | Reached XP level 14. HP: 110/127 MP: 17/17
 15470 | Lair:5   | Killed Josephine
 16081 | Lair:5   | Got the Book of the Dragon and the Missiles
 16223 | Lair:5   | Reached skill level 10 in Armour
 16759 | Lair:5   | Got Sif Muna's Omnibus of Kinetic Energy and the Jinx
 17520 | D:14     | Noticed an ironbound preserver
 17525 | D:14     | Killed an ironbound preserver
 17547 | D:14     | Found a gate to the Vaults.
 17574 | D:14     | Reached skill level 14 in Ranged Weapons
 17773 | D:14     | Found a frozen archway.
 17777 | IceCv    | Entered an ice cave
 17984 | IceCv    | Reached XP level 15. HP: 138/138 MP: 18/18
 18253 | IceCv    | Identified the +4 pair of gloves of Tartarus {rN+ Str+3
                  | Int+5 Dex-4}
 18452 | IceCv    | Identified the +1 glaive of the Shallot {antimagic, Fly}
 18902 | IceCv    | Identified the ring "Hoschuvi" {rElec rC+ Str-4 Stlth+}
 19473 | D:14     | Found Tyolir's Jewellery Shop.
 19481 | D:14     | Bought the ring "Hixiasch" {rF+ Int-3 Dex+4 Slay+3 Stlth+}
                  | for 693 gold pieces
 19773 | D:15     | Entered Level 15 of the Dungeon
 20067 | D:15     | Reached skill level 15 in Ranged Weapons
 20738 | D:15     | Found a staircase to the Depths.
 20906 | Orc:1    | Entered Level 1 of the Orcish Mines
 20945 | Orc:1    | Noticed Fannar
 20948 | Orc:1    | Killed Fannar
 21028 | Orc:1    | Reached skill level 15 in Fighting
 21441 | Orc:2    | Entered Level 2 of the Orcish Mines
 21461 | Orc:2    | Found Acypp's Armour Boutique.
 21518 | Orc:2    | Found a dark tunnel.
 21527 | Volcano  | Entered a volcano
 21677 | Volcano  | Reached skill level 15 in Dodging
 21769 | Volcano  | Reached XP level 16. HP: 149/149 MP: 19/19
 21770 | Volcano  | Reached skill level 16 in Ranged Weapons
 21770 | Volcano  | Reached XP level 17. HP: 156/156 MP: 20/20
 21771 | Volcano  | Reached skill level 17 in Ranged Weapons
 21771 | Volcano  | Reached XP level 18. HP: 163/163 MP: 21/21
 21910 | Orc:2    | Found a staircase to the Elven Halls.
 21960 | Orc:2    | Found Ahaim's General Store.
 21966 | Orc:2    | Bought a potion of haste for 120 gold pieces
 21966 | Orc:2    | Bought 2 potions of curing for 72 gold pieces
 21981 | Orc:2    | Found Weschey's Weapon Boutique.
 22171 | Orc:2    | Found Fulefuj's Book Boutique.
 22190 | Orc:2    | Found Mukhov's Weapon Emporium.
 22221 | Orc:2    | Found Tibliemp's Jewellery Emporium.
 22996 | Orc:2    | Found Hub Soas's Antique Armour Boutique.
 22998 | Orc:2    | Found Yhyidd's Antique Weapon Shop.
 23005 | Orc:2    | Bought the +3 pair of gauntlets of War {Slay+5} for 1710
                  | gold pieces
 23005 | Orc:2    | Found the +3 pair of gauntlets of War {Slay+5}
 23136 | Orc:2    | Found Jaohuufao's Book Emporium.
 23377 | Swamp:1  | Entered Level 1 of the Swamp
 23513 | Swamp:1  | Reached XP level 19. HP: 170/170 MP: 22/22
 25095 | Swamp:4  | Entered Level 4 of the Swamp
 25332 | Swamp:4  | Got a decaying rune of Zot
 25443 | Swamp:4  | Noticed Louise
 25448 | Swamp:4  | Killed Louise
 26003 | Spider:1 | Entered Level 1 of the Spider Nest
 26024 | Lair:2   | HP: 3/168 [jorogumo/bolt of negative energy (15)]
 26921 | Spider:1 | Reached skill level 18 in Ranged Weapons
 27257 | Spider:1 | Found a runed translucent door.
 27308 | Spider:1 | HP: 2/172 [wolf spider (26)]
 27311 | Spider:1 | Slain by a wolf spider

Illustrated notes

Levels and vault maps discovered:
D:1:      evilmike_arrival_rings, layout_loops_ring,
          dreamdust_ecumenical_altar_hidden_monk_grotto, minmay_cut_off
D:2:      layout_basic, basic_altar, uniq_sigmund, uniq_jessica
D:3:      layout_loops_corners, mainiacjoe_overflow_alcove_2,
          mainiacjoe_overflow_small_starburst
D:4:      layout_gridville, general_overflow_altar,
          nicolae_dithmenos_shadow_blocks, minmay_temple_entry_glass,
          minmay_shop_damaged
D:5:      layout_basic
D:6:      layout_rooms, mainiacjoe_overflow_six_doors_small,
          nicolae_overflow_quartered_altars
D:7:      layout_gridville, mainiacjoe_overflow_cross_hatched
D:8:      layout_rooms, nicolae_tso_besieged_by_evil, uniq_maurice,
          uniq_gastronok, uniq_maggie, uniq_pikel
D:9:      layout_loops_ring, overflow_temple_1_default, zin_statuary,
          hellmonk_lair_entry_icy, minmay_evil_grid
D:10:     layout_basic, okawaru_ov_weapons_minmay, mainiacjoe_overflow_alcove_4,
          lemuel_round_altar, uniq_sonja, uniq_nergalle, uniq_harold, uniq_urug
D:11:     layout_stronghold, orc_0_dummy,
          hellmonk_guarded_unrand_seven_league_boots
D:12:     minmay_bloctagon_deflated, layout_gridville, serial_shops,
          nicolae_shop_rolling_square, minivault_25, uniq_nessos
D:13:     layout_stronghold
D:14:     layout_small_grid, skrybe_vaults_entry_preservation, serial_ice,
          serial_ice_b, serial_ice_c, serial_ice_j, serial_ice_e, serial_ice_o,
          serial_ice_f, portal_ice_cave_entry_pillars_three, lemuel_round_altar,
          serial_shops, nicolae_shop_statue_plus, nzn_hepliaklqana_mist_gate
D:15:     grunt_enter_depths_snipers, layout_basic, nrook_pool_corridor,
          chequers_avenue
Lair:1:   layout_chaotic_city
Lair:2:   layout_cave_pods, dummy_spider_entry, gauntlet_entry_generic,
          grunt_forest_small_clearing_treed
Lair:3:   cheibrodos_magma_flow, layout_regular_city, minmay_swamp_entry_worms
Lair:4:   layout_regular_city, nicolae_slime_entry_field_trip,
          gammafunk_ghost_cemetery
Lair:5:   evilmike_catoblepas_cave, layout_big_grid,
          nzn_masters_of_martial_movement, uniq_josephine
Swamp:1:  layout_basic_swamp, nicolae_swamp_some_circles, swamp_pool3
Swamp:2:  layout_basic_swamp, nicolae_swamp_little_swirl, swamp_pool3
Swamp:3:  layout_falls_marsh, nicolae_swamp_trees_clearing, swamp_pool2
Swamp:4:  swamp_alternative, layout_basic_swamp, infiniplex_staircase_pool_2,
          uniq_louise
Spider:1: cheibrodos_spider_deadly_dance, nicolae_spider_moth_buddies
Orc:1:    layout_caves, mines1_david, uniq_fannar
Orc:2:    grunt_orc_community_town_hall, layout_caves,
          grunt_orc_community_big_house_2, grunt_orc_community_big_house_1,
          grunt_orc_community_house_3, grunt_orc_community_house_3,
          grunt_orc_community_house_2, grunt_orc_community_house_3,
          grunt_orc_community_house_1, lightli_volcano_entry_magma_tube,
          serial_shops, nicolae_shop_gaudy_bauble, shop, nicolae_shop_crystal,
          shop, nicolae_shop_just_a_little_nook, lightli_orcish_oven

Skill      XL: |  1  2  3  4  5  6  7  8  9 10 11 12 13 14 15 16 17 18 19 |
---------------+----------------------------------------------------------+-----
Dodging        | 2 3 4 5 6 7 9 10 11 12 13 15 16 | 16.1
Fighting       | 2 3 4 5 6 7 9 10 11 12 14 15 16 | 16.2
Ranged Weapons | 4 5 6 7 8 9 10 11 13 14 15 16 17 18 | 18.1
Armour         | 1 3 4 5 7 9 10 12 | 12.1
Stealth        | |  0.8

Action                     |  1- 3 |  4- 6 |  7- 9 | 10-12 | 13-15 | 16-18 | 19-21 || total
---------------------------+-------+-------+-------+-------+-------+-------+-------++-------
  Melee: Triple crossbow   |       |       |       |       |       |       |     1 ||     1
   Fire: Shortbow          |    83 |   122 |       |       |       |       |       ||   205
         Triple crossbow   |       |    27 |   103 |   368 |   857 |   192 |   376 ||  1923
  Evoke: Wand              |       |       |       |       |     1 |       |       ||     1
    Use: Scroll            |       |     2 |     3 |    21 |    13 |     1 |     2 ||    42
         Potion            |       |       |       |     3 |     6 |     2 |    11 ||    22
 Armour: Leather armour    |    14 |    16 |       |       |       |       |       ||    30
         Steam dragon scal |       |       |     3 |    21 |       |       |       ||    24
         Ring mail         |       |       |       |    34 |   181 |    65 |   178 ||   458
  Dodge: Dodged            |    31 |    49 |    44 |   299 |   861 |   390 |   910 ||  2584
  Block: Other             |       |     6 |    10 |    67 |   152 |    88 |   118 ||   441
         Reflection        |       |       |     1 |     3 |     2 |     1 |     1 ||     8

Table legend: (Time is in decaauts)
 A = Elapsed time spent in this place.
 B = Non-inter-level travel time spent in this place.
 C = Inter-level travel time spent in this place.
 D = Time resting spent in this place.
 E = Time spent auto-exploring this place.
 F = Levels seen in this place.
 G = Mean time per level.
                   A        B        C        D        E       F      G
               +--------+--------+--------+--------+--------+-----+--------+
         Total |  28983 |  27230 |   1753 |   4129 |  17416 |  30 |  966.1 |
       Dungeon |  14035 |  13199 |    836 |   1577 |   9262 |  15 |  935.7 |
          Lair |   7178 |   6473 |    705 |   1502 |   3678 |   5 | 1435.6 |
         Swamp |   2846 |   2691 |    155 |    324 |   1864 |   4 |  711.5 |
   Spider Nest |    479 |    479 |      0 |     25 |    216 |   1 |  479.0 |
  Orcish Mines |   2122 |   2067 |     55 |    144 |   1367 |   2 | 1061.0 |
      Ice Cave |   1386 |   1386 |      0 |    459 |    569 |   1 | 1386.0 |
       Volcano |    344 |    344 |      0 |      0 |    192 |   1 |  344.0 |
      Gauntlet |    590 |    590 |      0 |     97 |    267 |   1 |  590.0 |
               +--------+--------+--------+--------+--------+-----+--------+

Top non-repeatable levels by time:
  Lair:2: 2076 daAuts
  Lair:5: 1738 daAuts
   Orc:2: 1543 daAuts
   IceCv: 1386 daAuts
     D:9: 1340 daAuts
    D:11: 1320 daAuts
  Lair:4: 1222 daAuts
  Lair:3: 1213 daAuts
    D:14: 1160 daAuts
    D:15: 1079 daAuts
     D:1: 1002 daAuts
     D:3: 987 daAuts
     D:2: 979 daAuts
    D:10: 931 daAuts
  Lair:1: 927 daAuts
